 Dungeon Crawl Stone Soup version 0.31-a0-435-g2c6fae2916 (webtiles) character file.

Game seed: 2539447002417786297

1745 Dirtsage the Mimic (level 9, -1/59 (65) HPs)
             Began as an Octopode Shapeshifter on Aug 1, 2023.
             Slain by an orc
             ... wielding a +0 hand axe
              (4 damage)
             ... on level 7 of the Dungeon on Aug 2, 2023.
             The game lasted 00:17:57 (6132 turns).

Dirtsage the Mimic (Octopode Shapeshifter)          Turns: 6132, Time: 00:17:57

HP:   -1/59 (65)    AC:  9    Str: 19    XL:     9   Next: 6%
MP:   9/9           EV: 10    Int: 13    God:
Gold: 273           SH:  0    Dex: 14    Spells: 8/8 levels left

rFire   . .          .
                       - Unarmed
rCold   . . .        (shield currently unavailable)
rNeg    . . .        (helmet currently unavailable)
rPois   .            (no amulet)
rElec   .            (no ring)
rCorr   .            (no ring)
SInv    .            (no ring)
Will    .....        (no ring)
Stlth   +            (no ring)
HPRegen 0.29/turn    (no ring)
MPRegen 0.11/turn    (no ring)
                     (no ring)

%: no passive effects
@: about to teleport, snake-form, heavily drained
A: constrict, boosted hp, almost no armour, amphibious, 8 rings, large,
(camouflage 1), (gelatinous body 1), (nimble swimmer 1), (tentacles)
a: Begin Untransformation


You were on level 7 of the Dungeon.
You were an enormous anaconda.
You visited 2 branches of the dungeon, and saw 8 of its levels.
You also visited: Ossuary.

You collected 273 gold pieces.

Inventory:

Missiles
 e - 6 curare-tipped darts
Magical Staves
 j - a staff of death
Talismans
 b - a beast talisman
 d - a serpent talisman (active)
 h - a blade talisman
Wands
 D - a wand of digging (4)
 E - a wand of flame (16)
Scrolls
 a - a scroll of summoning {unknown}
 g - a scroll of fear
 i - a scroll of noise {unknown}
 k - 2 scrolls of immolation
 l - a scroll of brand weapon
 p - 2 scrolls of poison
 r - 2 scrolls of vulnerability
 s - a scroll of enchant armour {unknown}
 t - 5 scrolls of teleportation
 B - a scroll of blinking
 F - a scroll of acquirement {unknown}
Potions
 c - 3 potions of lignification
 f - 2 potions of invisibility {unknown}
 m - 2 potions of might {unknown}
 n - a potion of resistance
 o - 3 potions of degeneration {unknown}
 q - a potion of magic {unknown}
 u - a potion of attraction {unknown}
 v - a potion of berserk rage {unknown}
 w - a potion of haste {unknown}
 x - a potion of ambrosia
 y - a potion of curing {unknown}
 z - 4 potions of heal wounds {unknown}
 A - a potion of brilliance {unknown}
 C - 2 potions of cancellation {unknown}


   Skills:
 + Level 4.6 Fighting
 - Level 2.0 Dodging
 + Level 5.6 Unarmed Combat
 * Level 8.2 Shapeshifting


You had 8 spell levels left.
You didn't know any spells.
Your spell library contained the following spells:

 Spells                   Type           Power      Damage    Failure   Level
 Blink                    Tloc           0%         N/A       43%         2
 Dazzling Flash           Conj/Hex       0%         N/A       67%         3
 Manifold Assault         Tloc           0%         N/A       97%         4
 Agony                    Necr           0%         N/A       100%        5
 Silence                  Hex/Air        0%         N/A       100%        5


Dungeon Overview and Level Annotations

Branches:
Dungeon (7/15)             Temple (1/1) D:7         Ossuary (visited)

Altars:
Cheibriados
Dithmenos
Fedhas
Hepliaklqana
Kikubaaqudgha
Makhleb
Nemelex Xobeh
Qazlal
Ru
Sif Muna
Trog
Vehumet
Xom

Shops:
D:2 =

Annotations:
D:2 1 runed translucent door, Crazy Yiuf


Innate Abilities, Weirdness & Mutations

You are an enormous anaconda.
You have a powerful constriction melee attack.
Your maximum health is increased.
Your armour is entirely melded.
You are incapable of wielding weapons or throwing items.
You cannot wear most types of armour.
You are amphibious.
You can wear up to eight rings at the same time.
((Your skin changes colour to match your surroundings (Stealth+).))
((Your rubbery body absorbs attacks. (AC +1, EV +1)))
((You are camouflaged when in or above water. (Stealth+)))
((You have tentacles for arms and can constrict up to eight enemies at once.))


Message History

You take 9 damage, and have 47/63 hp.
You hit the wight. Your grab misses the wight.
The wight is lightly damaged.
The wight hits you with a +2 mace of protection.
The wight barely misses you.
You take 2 damage, and have 45/63 hp.
You hit the wight. You grab the wight.
The wight is lightly damaged.
You constrict the wight, but do no damage.
The wight hits you with a +2 mace of protection.
You feel drained.
The wight hits you from afar with a +4 halberd.
You feel drained.
You take 15 damage, and have 30/60 hp.
MASSIVE DAMAGE!!
You release your grip on the wight.
The wight barely misses you. The wight attacks as you move away!
The wight hits you with a +2 mace of protection.
You take 4 damage, and have 27/60 hp.
The wight attacks as you move away!
The wight hits you with a +2 mace of protection.
The wight closely misses you.
You take 6 damage, and have 21/60 hp.
The wight attacks as you move away! The wight hits you with a +0 battleaxe.
* * * LOW HITPOINT WARNING * * *
You feel drained.
* * * LOW HITPOINT WARNING * * *
You take 8 damage, and have 13/59 hp.
As you read the scroll of teleportation, it crumbles to dust.
You feel strangely unstable.
The wight hits you with a +2 mace of protection.
* * * LOW HITPOINT WARNING * * *
The wight closely misses you. The wight hits you with a +0 battleaxe!
* * * LOW HITPOINT WARNING * * *
You take 12 damage, and have 2/59 hp.
MASSIVE DAMAGE!!
Okay, then.
Okay, then.
An orc comes into view. It is wielding a +0 hand axe.
The orc shouts!
The orc attacks as you move away! The orc hits you with a +0 hand axe.
You die...

...................###.##z.#.....
...........##.>.....#..##z###....
.....###.#..#..........##... ....
..#......#........#......... ....
.##..............##......... z...
.#.....###........#z.###.........
........##........z.## #.........
#.##..#.........ozz..##......
#....##.........S...)........
#...........#.............
#......#.#..###.........#.
.......####..##.....##....
.......####<.......## ..#.
#.###...##.........# .#
...###..##.......####.
....#...##.......##...
.............#...#...


You could see 4 wights and an orc.

Vanquished Creatures
  Sigmund (D:3)
  A wraith (Ossuary)
  An ice beast (D:5)
  2 black bears (D:5)
  3 ogres (D:5)
  Blork the orc (D:6)
  4 scorpions
  A wight (D:7)
  3 jellies
  2 hounds
  2 orc priests (D:4)
  4 iguanas
  3 mummies (Ossuary)
  Robin (D:3)
  7 adders
  4 gnolls (D:6)
  A white imp (D:6)
  A worm (D:4)
  3 dart slugs
  8 orcs
  6 bats
  5 endoplasms
  4 giant cockroaches
  11 goblins
  6 hobgoblins
  3 quokkas
  3 ball pythons
  4 frilled lizards
  5 goblin zombies (Ossuary)
  3 hobgoblin zombies (Ossuary)
  7 kobolds
  A kobold zombie (Ossuary)
  2 rats
113 creatures vanquished.

Notes
Turn   | Place    | Note
-------+----------+-------------------------------------------
     0 | D:1      | Dirtsage the Octopode Shapeshifter began the quest for the
                  | Orb.
     0 | D:1      | Reached XP level 1. HP: 13/13 MP: 1/1
   216 | D:1      | Reached XP level 2. HP: 18/18 MP: 2/2
   604 | D:1      | Reached XP level 3. HP: 23/23 MP: 3/3
   848 | D:2      | Reached skill level 4 in Shapeshifting
  1097 | D:2      | Reached XP level 4. HP: 22/28 MP: 4/4
  1176 | D:2      | Found a runed translucent door.
  1177 | D:2      | Noticed Crazy Yiuf
  1325 | D:2      | Found Kelerhu's Jewellery Boutique.
  1824 | D:3      | Noticed Sigmund
  1835 | D:3      | Killed Sigmund
  1836 | D:3      | Reached skill level 5 in Shapeshifting
  1836 | D:3      | Reached XP level 5. HP: 33/33 MP: 5/5
  1836 | D:3      | Reached XP level 6. HP: 38/38 MP: 6/6
  1846 | D:3      | Reached skill level 6 in Shapeshifting
  2226 | D:3      | Found a faded altar of an unknown god.
  2471 | D:3      | Noticed Robin
  2485 | D:3      | Killed Robin
  2706 | D:3      | Found a stormy altar of Qazlal.
  2887 | D:4      | Reached XP level 7. HP: 32/44 MP: 7/7
  3705 | D:5      | Entered Level 5 of the Dungeon
  3931 | D:5      | Reached skill level 7 in Shapeshifting
  3935 | D:5      | Reached XP level 8. HP: 50/52 MP: 8/8
  4049 | D:5      | Found a sand-covered staircase.
  4148 | Ossuary  | Entered an ossuary
  4148 | Ossuary  | Noticed a wraith
  4148 | Ossuary  | Noticed a wraith
  4148 | Ossuary  | Noticed a wraith
  4225 | Ossuary  | Saving game... please wait.
  4418 | Ossuary  | Noticed a wraith
  4429 | Ossuary  | Killed a wraith
  4430 | Ossuary  | Reached skill level 5 in Unarmed Combat
  5508 | D:6      | Found a sacrificial altar of Ru.
  5633 | D:6      | Reached skill level 8 in Shapeshifting
  5762 | D:6      | Noticed Blork the orc
  5769 | D:6      | Killed Blork the orc
  5843 | D:6      | Found a shimmering blue altar of Sif Muna.
  5971 | D:7      | Found a staircase to the Ecumenical Temple.
  5980 | Temple   | Entered the Ecumenical Temple
  6058 | D:7      | Reached XP level 9. HP: 59/59 MP: 9/9
  6092 | D:7      | Found a blossoming altar of Fedhas.
  6128 | D:7      | HP: 2/59 [wight/+0 battleaxe (8)]
  6132 | D:7      | Slain by an orc

Illustrated notes

Levels and vault maps discovered:
D:1:      dpeg_arrival_orchard, layout_basic
D:2:      layout_basic, serial_shops, nicolae_shop_pleasant_corner_grove,
          uniq_crazy_yiuf_cottage
D:3:      minmay_recursive_quarters, layout_loops_ring,
          nicolae_qazlal_eye_of_the_storm, hellmonk_ecumenical_altar_run_dry,
          minmay_misc_feat_room, minmay_pentangle, uniq_robin, uniq_sigmund
D:4:      layout_basic
D:5:      layout_layer_cave, nicolae_ossuary_entry_ruins,
          kennysheep_generic_room_8
D:6:      layout_rooms, mainiacjoe_overflow_surrounded_room, tgw_sif
D:7:      layout_cave_pools, fedhas_altar_1, minmay_temple_entry_gardened_gates,
          chequers_jeans
Temple:   compressed_dpeg_triangle_lava_temple

Skill      XL: |  1  2  3  4  5  6  7  8 |
---------------+-------------------------+-----
Shapeshifting  | 4 5 6 7 8 |  8.2
Fighting       | 3 4 |  4.6
Unarmed Combat | 4 5 |  5.6
Dodging        | |  2.0

Action                     |  1- 3 |  4- 6 |  7- 9 || total
---------------------------+-------+-------+-------++-------
  Melee: Unarmed           |    61 |    87 |   125 ||   273
         Constrict         |    17 |    13 |    29 ||    59
         Tentacles         |    10 |     5 |       ||    15
         Punch             |     3 |     1 |       ||     4
    Use: Potion            |       |     1 |       ||     1
         Scroll            |       |       |    13 ||    13
   Stab: Sleeping          |     7 |     2 |     4 ||    13
 Armour: Skin              |     6 |    29 |    38 ||    73
  Dodge: Dodged            |    33 |    29 |    48 ||   110
   Form: Anaconda          |       |     1 |       ||     1

Table legend: (Time is in decaauts)
 A = Elapsed time spent in this place.
 B = Non-inter-level travel time spent in this place.
 C = Inter-level travel time spent in this place.
 D = Time resting spent in this place.
 E = Time spent auto-exploring this place.
 F = Levels seen in this place.
 G = Mean time per level.
                   A        B        C        D        E       F      G
               +--------+--------+--------+--------+--------+-----+--------+
         Total |   6128 |   5953 |    175 |    157 |   4760 |   9 |  680.9 |
       Dungeon |   5610 |   5435 |    175 |    157 |   4396 |   7 |  801.4 |
        Temple |     34 |     34 |      0 |      0 |      0 |   1 |   34.0 |
       Ossuary |    483 |    483 |      0 |      0 |    364 |   1 |  483.0 |
               +--------+--------+--------+--------+--------+-----+--------+

Top non-repeatable levels by time:
     D:5: 1107 daAuts
     D:3: 1069 daAuts
     D:4: 907 daAuts
     D:2: 889 daAuts
     D:1: 827 daAuts
     D:6: 647 daAuts
 Ossuary: 483 daAuts
     D:7: 161 daAuts
  Temple: 34 daAuts
